[Event "*** Titled Tuesday Blitz"]
[Site "Chess.com"]
[Date "2021.02.09"]
[Round "1"]
[White "NMJeevanK"]
[Black "Fiona"]
[Result "1-0"]
[WhiteElo "2497"]
[BlackElo "2112"]
[TimeControl "180+1"]
[EndTime "10:06:13 PST"]
[Termination "NMJeevanK won by checkmate"]

1. e4 e5 2. Nf3 Nc6 3. Bb5 a6 4. Ba4 d6 5. c3 Bd7 6. O-O Nge7 7. d4 Ng6 8. Nbd2 Be7 9. Re1 h6 10. Nf1 Bg5 11. Ng3 Bxc1 12. Rxc1 O-O 13. Nf5 Qf6 14. Ne3 Nf4 15. Nd5 Nxd5 16. exd5 Nb8 17. dxe5 dxe5 18.
Nxe5 Bf5 19. Qf3 Rd8 20. c4 Nd7 21. Bxd7 Bxd7 22. Qxf6 gxf6 23. Nd3 b6 24. Re7 Bf5 25. Nf4 Rd7 26. Rce1 Rad8 27. b3 a5 28. f3 Rxe7 29. Rxe7 Rd7 30. Re8+ Kg7 31. Kf2 Bb1 32. Nh5+ Kg6 33.
g4 Bxa2 34. Rg8+ Kh7 35. Nxf6# 1-0

[Event "*** Titled Tuesday Blitz"]
[Site "Chess.com"]
[Date "2021.02.09"]
[Round "1"]
[White "TeukkaSalama"]
[Black "Evgeny81"]
[Result "0-1"]
[WhiteElo "2391"]
[BlackElo "2736"]
[TimeControl "180+1"]
[EndTime "10:06:14 PST"]
[Termination "Evgeny81 won by resignation"]

1. d4 Nf6 2. Bf4 g6 3. e3 Bg7 4.
Nf3 d6 5. h3 O-O 6. Be2 Nc6 7.
Nc3 Nd7 8. O-O e5 9. Bh2 Kh8 10. a4 f5 11. a5 a6 12. Ra4 e4 13. Nd2 Nf6 14. f3 exf3 15. Bxf3 Bd7 16. Ra1 Qe7 17.
Re1 Rae8 18. Nd5 Nxd5 19. Bxd5 Qh4 20. Nf3 Qf6 21. Bf4 h6 22. Bxc6 Bxc6 23. d5 Bd7 24. Nd4 g5 25. Bh2 Rxe3 26. c3 Rxe1+ 27. Qxe1 Re8 28.
Qf2 f4 29. Re1 Rxe1+ 30. Qxe1 Qe5 31. Qxe5 dxe5 32. Nb3 Bf8 33. Kf1 Bb5+ 34. Ke1 Bc4 35. Nd2 Bxd5 36. Kf2 Bc5+ 37. Kf1 e4 38. Bg1 e3 39.
Nf3 Bxf3 40. gxf3 e2+ 0-1

[Event "*** Titled Tuesday Blitz"]
[Site "Chess.com"]
[Date "2021.02.09"]
[Round "1"]
[White "Zhigalko_Sergei"]
[Black "sakkikuska"]
[Result "1-0"]
[WhiteElo "2887"]
[BlackElo "2449"]
[TimeControl "180+1"]
[EndTime "10:06:15 PST"]
[Termination "Zhigalko_Sergei won by resignation"]

1. e4 c5 2. Nf3 e6 3. c3 d5 4. e5 d4 5. Bd3 Nc6 6. O-O Nge7 7. Re1 Ng6 8. g3 Qc7 9. Qe2 b6 10. h4 Bb7 11. h5 Nge7 12. Be4 O-O-O 13. d3 h6 14. Na3 a6 15. Nc4 Nd5 16. cxd4 Nxd4 17.
Nxd4 cxd4 18. Bd2 Kb8 19. Rac1 Rc8 20. a3 Be7 21. Nd6 Bxd6 22. Rxc7 Bxc7 23. Qg4 f5 24. exf6 Nxf6 25. Qxe6 Nxe4 26. dxe4 Rce8 27. Qg4 d3 28. Bf4 Bxf4 29. Qxf4+ Ka7 30. f3 Rd8 31. Rd1 Rd7 32. Rd2 Rhd8 33. Kf2 a5 34. Ke3 Ba6 35. g4 Rc7 36.
Qxc7+ 1-0

[Event "*** Titled Tuesday Blitz"]
[Site "Chess.com"]
[Date "2021.02.09"]
[Round "1"]
[White "Azde"]
[Black "TimofeevAr"]
[Result "0-1"]
[WhiteElo "2438"]
[BlackElo "2868"]
[TimeControl "180+1"]
[EndTime "10:06:15 PST"]
[Termination "TimofeevAr won by resignation"]

1. d4 Nf6 2. c4 g6 3. Nc3 d5 4. Bf4 Bg7 5. e3 O-O 6. cxd5 Nxd5 7. Nxd5 Qxd5 8. Bxc7 Na6 9. Bxa6 bxa6 10. Nf3 Qb7 11.
Bg3 Qxb2 12. O-O Be6 13. Qa4 Rfc8 14. Rfb1 Qe2 15. Re1 Qc4 16. Qxc4 Rxc4 17. a4 a5 18. Nd2 Rb4 19. Ne4 Rc8 20. Nc5 Rxc5 21. dxc5 Bxa1 22. Rxa1 Rc4 23. Bb8 a6 24. Ba7 Bd7 25. h3 Bxa4 26. Bb6 f6 27. Bxa5 Bb5 28. Bb6 Kf7 29.
Kh2 g5 30. Kg3 h5 31. Ra2 h4+ 32. Kf3 Bc6+ 33. Ke2 Bxg2 34. Rxa6 Bxh3 35. Ra1 Bg2 36. Ra5 h3 37. Bc7 e5 0-1

[Event "*** Titled Tuesday Blitz"]
[Site "Chess.com"]
[Date "2021.02.09"]
[Round "1"]
[White "CrushingKings"]
[Black "Rozum_Ivan"]
[Result "1/2-1/2"]
[WhiteElo "2401"]
[BlackElo "2729"]
[TimeControl "180+1"]
[EndTime "10:06:15 PST"]
[Termination "Game drawn by repetition"]

1. e4 e5 2. Nf3 Nc6 3. Bc4 Nf6 4. d3 Be7 5. O-O O-O 6. Re1 d6 7. a4 Be6 8. h3 Bxc4 9. dxc4 a5 10. Nc3 Nb8 11. Nd5 Nxd5 12. cxd5 Nd7 13. Be3 f5 14.
exf5 Rxf5 15. Nd2 Bg5 16. Ne4 Bxe3 17. Rxe3 Nf6 18. Nxf6+ Qxf6 19. Qe2 Rf8 20. Rf1 Qf7 21. c4 b6 22. b3 Qg6 23. Qg4 Rg5 24. Qe4 Qh5 25. Rfe1 Rf4 26. Qxf4 exf4 27. Re8+ Kf7 28. R1e7+ Kf6 29. Re6+ Kf7 30. R6e7+ Kg6 31. Re6+ Kf7 32.
R6e7+ 1/2-1/2

[Event "*** Titled Tuesday Blitz"]
[Site "Chess.com"]
[Date "2021.02.09"]
[Round "1"]
[White "Rogarcia1"]
[Black "Ajedrez_con_German"]
[Result "0-1"]
[WhiteElo "2305"]
[BlackElo "2613"]
[TimeControl "180+1"]
[EndTime "10:06:16 PST"]
[Termination "Ajedrez_con_German won by resignation"]

1. e4 g6 2. d4 Bg7 3. Nc3 d6 4. h3 a6 5. a4 b6 6. g4 Bb7 7.
Bg2 c5 8. Nge2 Nc6 9. Be3 Rc8 10. O-O Nf6 11. Qd2 O-O 12. Rad1 Qc7 13. d5 Ne5 14.
Qe1 e6 15. f4 Nc4 16. Bc1 exd5 17. exd5 Rfe8 18. Qg3 Qd7 19. f5 b5 20. Nf4 b4 21.
Nb1 Ne4 22. Bxe4 Rxe4 23. Nd3 Bd4+ 24. Kh1 Bxd5 25. Nf4 Rxf4+ 0-1

[Event "*** Titled Tuesday Blitz"]
[Site "Chess.com"]
[Date "2021.02.09"]
[Round "1"]
[White "bascheyaro"]
[Black "hleol"]
[Result "1-0"]
[WhiteElo "2741"]
[BlackElo "2395"]
[TimeControl "180+1"]
[EndTime "10:06:18 PST"]
[Termination "bascheyaro won by checkmate"]

1. d4 d5 2. c4 c6 3. Nc3 Nf6 4. Nf3 e6 5. Bg5 Be7 6. e3 h6 7. Bh4 Nbd7 8. Qc2 O-O 9. Bd3 dxc4 10. Bxc4 b5 11. Bb3 Bb7 12. O-O Rc8 13. Qe2 a6 14. a4 b4 15. Na2 c5 16. Rfd1 Qb6 17. Rac1 a5 18. Bc4 cxd4 19. exd4 Bd6 20. b3 Ne4 21.
Bd3 Nc3 22. Nxc3 Rxc3 23. Rxc3 bxc3 24. Bc2 Nb8 25. Qd3 f5 26. Qxc3 Rc8 27. Qd2 Bxf3 28. gxf3 Qc6 29. Bd3 Qxf3 30. Bc4 Qg4+ 31. Bg3 f4 32.
Re1 Re8 33. Re4 Qg6 34. Rxf4 Bxf4 35. Qxf4 Nd7 36. Qd6 Nf8 37. Qc6 h5 38. h4 Rd8 39.
Qb6 Qf6 40. Be5 Qxh4 41. Bxe6+ Nxe6 42. Qxe6+ Kh8 43. Qh6+ Kg8 44. Qxg7# 1-0

[Event "*** Titled Tuesday Blitz"]
[Site "Chess.com"]
[Date "2021.02.09"]
[Round "1"]
[White "Iskusnyh"]
[Black "Michaelson_11"]
[Result "1-0"]
[WhiteElo "2583"]
[BlackElo "2280"]
[TimeControl "180+1"]
[EndTime "10:06:18 PST"]
[Termination "Iskusnyh won by resignation"]

1. d4 Nf6 2. c4 g6 3. g3 Bg7 4. Bg2 d6 5. Nc3 O-O 6. Nf3 c6 7. O-O Qb6 8. b3 e5 9. e3 Re8 10. h3 Na6 11. a4 Nc7 12. a5 Qa6 13. Ba3 e4 14. Nd2 d5 15. Qc2 Bf5 16. Bd6 Rac8 17. Rfc1 h5 18. Bf1 dxc4 19. bxc4 c5 20. Bxc5 Qc6 21.
Bxa7 Na6 22. Rab1 Nd7 23. Bg2 h4 24. g4 1-0

[Event "*** Titled Tuesday Blitz"]
[Site "Chess.com"]
[Date "2021.02.09"]
[Round "1"]
[White "jorquerino"]
[Black "francyIM"]
[Result "1-0"]
[WhiteElo "2278"]
[BlackElo "2550"]
[TimeControl "180+1"]
[EndTime "10:06:18 PST"]
[Termination "jorquerino won by resignation"]

1. e4 e5 2. Nc3 Nf6 3. g3 d5 4. exd5 Nxd5 5. Bg2 Nxc3 6. bxc3 Bd6 7. Nf3 O-O 8. O-O Nc6 9. Rb1 e4 10. Nd4 Nxd4 11.
cxd4 f5 12. d3 exd3 13. Qxd3 c6 14. d5 c5 15. c4 b6 16. f4 Bd7 17. Bb2 Re8 18.
Rfe1 Qc7 19. Qc3 Ba4 20. Re6 Rad8 21. Rbe1 Rf8 22. Re7 Rf7 23. Rxc7 Rxc7 24. Re6 Rf7 25. h4 Bf8 26. d6 Bxd6 27. Bd5 Kf8 28. h5 Be7 29. h6 Bf6 30. Rxf6 gxf6 31. Bxf7 Rd1+ 32. Kf2 Kxf7 33. Qxf6+ Ke8 34. Qh8+ Ke7 35. Qxh7+ Ke6 36. Qg6+ 1-0

[Event "*** Titled Tuesday Blitz"]
[Site "Chess.com"]
[Date "2021.02.09"]
[Round "1"]
[White "NikolaMa2000"]
[Black "BigAl"]
[Result "0-1"]
[WhiteElo "1813"]
[BlackElo "2471"]
[TimeControl "180+1"]
[EndTime "10:06:18 PST"]
[Termination "BigAl won by resignation"]

1. d4 g6 2. c4 Bg7 3. Nc3 Nf6 4. e4 O-O 5. f4 d6 6. Nf3 c5 7. d5 e6 8. dxe6 Bxe6 9. Bd3 Bg4 10. O-O Nc6 11.
Be3 Nd4 12. Bxd4 cxd4 13. Nb5 Nh5 14. h3 Bd7 15. Nxd6 Nxf4 16. c5 b6 17. b4 a5 18. a3 axb4 19. Nh2 Qg5 20. g4 bxc5 21. Bc4 Be6 22. axb4 Rxa1 23. Qxa1 Bxc4 24. Nxc4 cxb4 25. Rf3 d3 26. Qc1 Ne2+ 0-1

[Event "*** Titled Tuesday Blitz"]
[Site "Chess.com"]
[Date "2021.02.09"]
[Round "1"]
[White "FrenchMonster2002"]
[Black "emperor87"]
[Result "0-1"]
[WhiteElo "2370"]
[BlackElo "2709"]
[TimeControl "180+1"]
[EndTime "10:06:20 PST"]
[Termination "emperor87 won on time"]

1. e4 c6 2. Nc3 d5 3. Nf3 Nf6 4.
e5 Ne4 5. Ne2 Bg4 6. Nfg1 Bxe2 7. Bxe2 e6 8. d3 Nc5 9. d4 Ncd7 10. c3 c5 11. Be3 Nc6 12. a3 a5 13. f4 Be7 14.
Nf3 a4 15. O-O Qa5 16. Kh1 f6 17. f5 exf5 18. dxc5 Bxc5 19. Bxc5 Qxc5 20. e6 Nde5 21.
Nxe5 Nxe5 22. Rxf5 O-O 23. Bf3 Rad8 24. Qd4 Qe7 25.
Bxd5 b5 26. Qe4 Kh8 27. h3 Qc5 28. Rd1 Rfe8 29. h4 Rxe6 30. Rd4 Re7 31. h5 h6 32.
Qh4 Red7 33. Bf3 Rxd4 34. cxd4 Qxd4 35. Qxd4 Rxd4 36. Kh2 b4 0-1

[Event "*** Titled Tuesday Blitz"]
[Site "Chess.com"]
[Date "2021.02.09"]
[Round "1"]
[White "seorobert1971"]
[Black "NoGalloNoParty"]
[Result "1-0"]
[WhiteElo "2708"]
[BlackElo "2371"]
[TimeControl "180+1"]
[EndTime "10:06:20 PST"]
[Termination "seorobert1971 won on time"]

1. Nf3 Nf6 2. d4 g6 3. c4 Bg7 4. Nc3 d5 5. Bg5 Ne4 6. Bh4 Nxc3 7. bxc3 O-O 8. e3 c5 9. cxd5 cxd4 10. cxd4 Bg4 11.
Be2 Qxd5 12. Bxe7 Re8 13. Bb4 Nc6 14. Bc3 Nxd4 15. Bxd4 Bxd4 16. Qxd4 Bxf3 17. gxf3 Qa5+ 18. Qd2 Qg5 19. f4 Qg2 20. O-O-O Rac8+ 21. Kb1 Re6 22. Bd3 Rd8 23. Qc2 Rc6 24. Qe2 Rb6+ 25. Ka1 Qc6 26. Bb5 Rxd1+ 27. Rxd1 Rxb5 28. Qd2 Kg7 29. Qd4+ Kh6 30. f5 g5 31. h4 1-0

[Event "*** Titled Tuesday Blitz"]
[Site "Chess.com"]
[Date "2021.02.09"]
[Round "1"]
[White "JoliyRoger"]
[Black "KuzubovYuriy"]
[Result "0-1"]
[WhiteElo "2415"]
[BlackElo "2820"]
[TimeControl "180+1"]
[EndTime "10:06:21 PST"]
[Termination "KuzubovYuriy won on time"]

1. d4 Nf6 2. c4 e6 3. Nf3 d5 4. cxd5 exd5 5. Nc3 c6 6. Bg5 Bf5 7. e3 Nbd7 8. Nh4 Be6 9. Nf3 h6 10. Bh4 Bf5 11. Bd3 Bxd3 12. Qxd3 Be7 13. O-O O-O 14.
Bxf6 Bxf6 15. Rab1 a6 16. b4 b5 17. e4 dxe4 18. Qxe4 Rc8 19. Rfd1 Re8 20. Qf4 Qc7 21. Qg4 g6 22. h4 Bg7 23. Rbc1 Nf6 24. Qh3 Qd6 25.
a3 a5 26. d5 axb4 27. axb4 cxd5 28. Nxb5 Rxc1 29. Nxd6 Rxd1+ 30. Kh2 Re6 31. Nb7 h5 32. Nc5 Ng4+ 33. Kg3 Re2 0-1

[Event "*** Titled Tuesday Blitz"]
[Site "Chess.com"]
[Date "2021.02.09"]
[Round "1"]
[White "Sadykov_Ramil"]
[Black "Guzman70"]
[Result "0-1"]
[WhiteElo "2542"]
[BlackElo "2263"]
[TimeControl "180+1"]
[EndTime "10:06:22 PST"]
[Termination "Guzman70 won by resignation"]

1. e4 g6 2. d4 Bg7 3. Nc3 d6 4.
Be3 a6 5. h4 h5 6. Nh3 Bxh3 7.
Rxh3 Nc6 8. Qd2 Nf6 9. f3 b5 10. O-O-O b4 11. Na4 O-O 12. Kb1 Qd7 13. b3 Rfb8 14.
Rh1 Na7 15. Bh6 Nb5 16. Bxg7 Na3+ 17. Kb2 Kxg7 18. g4 hxg4 19. h5 gxf3 20. hxg6 Rh8 21. Rxh8 Rxh8 22. gxf7 Kxf7 23. Bd3 Qg4 24. Qxb4 f2 25. Rf1 Nb5 26. Bxb5 axb5 27. Qxb5 Qxe4 28. Qc4+ d5 29. Qc3 Rh2 30. Nc5 Qe2 31. Qd3 Qxd3 32. Nxd3 Ne4 33. a4 Ke6 34. a5 Kd7 35. b4 Kc6 36.
Nc5 Kb5 37. Nxe4 dxe4 38. Kb3 e3 39. c4+ Ka6 40. Ra1 e2 41. b5+ Ka7 42. a6 0-1

[Event "*** Titled Tuesday Blitz"]
[Site "Chess.com"]
[Date "2021.02.09"]
[Round "1"]
[White "SHIVACalypso"]
[Black "1977Ivan"]
[Result "0-1"]
[WhiteElo "2359"]
[BlackElo "2683"]
[TimeControl "180+1"]
[EndTime "10:06:23 PST"]
[Termination "1977Ivan won by resignation"]

1. Nf3 h6 2. c4 g5 3. Nc3 Bg7 4. d4 d6 5. e3 f5 6. Bd3 Nf6 7.
Qc2 e6 8. b3 Nc6 9. Bb2 O-O 10. a3 a6 11. e4 g4 12. d5 exd5 13. exd5 Qe8+ 14. Kd1 gxf3 15. dxc6 fxg2 16. Rg1 Qh5+ 17.
Be2 Qxh2 18. Kd2 bxc6 19. Qd3 Ne4+ 20. Kc2 Nxc3 21. Bxc3 f4 22. Kb2 Bf5 23. Qf3 Bxc3+ 24. Kxc3 Kh7 25. Rxg2 Qh4 26. Bd3 Qf6+ 27. Kc2 Qxa1 28.
Bxf5+ Rxf5 29. Qe4 Qf6 30. Qxc6 Rf8 31. Qd7+ Rf7 32. Qe8 Rg7 0-1

[Event "*** Titled Tuesday Blitz"]
[Site "Chess.com"]
[Date "2021.02.09"]
[Round "1"]
[White "boasovietica"]
[Black "WilliamSchill"]
[Result "1-0"]
[WhiteElo "2474"]
[BlackElo "1969"]
[TimeControl "180+1"]
[EndTime "10:06:24 PST"]
[Termination "boasovietica won by resignation"]

1. e4 c5 2. Nf3 Nc6 3. Nc3 e5 4.
Bc4 Be7 5. d3 Nf6 6. Nd2 O-O 7.
Nf1 d6 8. Ne3 a6 9. a4 Rb8 10.
O-O Nd4 11. Ned5 Nxd5 12. Nxd5 b5 13. Ba2 bxa4 14. Bc4 Bg5 15. c3 Bxc1 16. Rxc1 Nb3 17. Rc2 Kh8 18. f4 f5 19. fxe5 dxe5 20. exf5 Rxf5 21.
Rxf5 Bxf5 22. Rf2 Be6 23. Qf3 h6 24. Qe4 Qg5 25. h4 Qc1+ 26. Kh2 Nd2 27. Qxe5 Nf1+ 28. Rxf1 Qxf1 29. Qxb8+ 1-0

[Event "*** Titled Tuesday Blitz"]
[Site "Chess.com"]
[Date "2021.02.09"]
[Round "1"]
[White "jacky72"]
[Black "malakismayil"]
[Result "1-0"]
[WhiteElo "2683"]
[BlackElo "2354"]
[TimeControl "180+1"]
[EndTime "10:06:26 PST"]
[Termination "jacky72 won by checkmate"]

1. d4 Nf6 2. c4 e6 3. Nf3 Bb4+ 4. Bd2 Qe7 5. Nc3 b6 6. g3 Bb7 7. Bg2 O-O 8. O-O Bxc3 9. Bxc3 d6 10. b3 Nbd7 11. Re1 e5 12. dxe5 dxe5 13. Nxe5 Bxg2 14. Nxd7 Nxd7 15. Kxg2 Rad8 16. Qc2 f6 17. Rad1 Ne5 18. Rxd8 Rxd8 19. Rd1 Rxd1 20. Qxd1 c6 21. Qd4 h5 22. Qe4 Qd6 23. f4 Nd7 24. Qe8+ Nf8 25. Qxh5 Qd1 26. Qg4 Kf7 27. Qf3 Qc2 28. Kf2 Ne6 29. Qxc6 Nc5 30. Qd5+ Kg6 31. Bb4 Ne4+ 32. Kf3 f5 33. Qe6+ Nf6 34.
Be7 Qc3+ 35. Qe3 Qb2 36. Bxf6 Kxf6 37. Qe5+ Qxe5 38. fxe5+ Kxe5 39. g4 f4 40. h4 a5 41. h5 Kd4 42. Kxf4 Kc3 43. g5 Kb2 44. h6 Kxa2 45. hxg7 Kxb3 46. g8=Q a4 47. c5+ Kb4 48.
cxb6 a3 49. b7 a2 50. b8=Q+ Ka3 51. Qgb3# 1-0

[Event "*** Titled Tuesday Blitz"]
[Site "Chess.com"]
[Date "2021.02.09"]
[Round "1"]
[White "Natalya_Buksa"]
[Black "Sofiia_Hryzlova"]
[Result "1-0"]
[WhiteElo "2565"]
[BlackElo "2260"]
[TimeControl "180+1"]
[EndTime "10:06:26 PST"]
[Termination "Natalya_Buksa won on time"]

1. d4 Nf6 2. Nc3 e6 3. Bf4 c5 4.
e3 Nc6 5. Nb5 d6 6. dxc5 e5 7. Bg5 dxc5 8. Qxd8+ Kxd8 9. O-O-O+ Bd7 10. Nf3 a6 11. Nc3 Be7 12. Bxf6 gxf6 13. Nd5 Rc8 14. Bd3 Ke8 15. Nb6 Rc7 16. Nxd7 Rxd7 17. Bf5 Rd6 18. Nh4 Kd8 19. Be4 Kc7 20. Nf5 Rxd1+ 21.
Rxd1 Bd8 22. Bd5 Ne7 23. Nxe7 Bxe7 24. Bxf7 Bd6 25. g4 Rf8 26. Be6 b6 27. h4 Re8 28.
Bf5 Re7 29. g5 fxg5 30. hxg5 Rg7 31. Rh1 Rxg5 32. Rxh7+ Kc6 33. Be4+ Kb5 34. Kd2 Rg8 35. Kc3 Rf8 36. f3 Ka5 37. Kc4 Bb8 38. a3 Rd8 39.
b4+ cxb4 40. axb4+ Ka4 41. Rh6 Bc7 42. Kc3 Ka3 43.
Rh1 Ka4 44. Bd3 1-0

[Event "*** Titled Tuesday Blitz"]
[Site "Chess.com"]
[Date "2021.02.09"]
[Round "1"]
[White "Prostochendir"]
[Black "AttilaTurzo"]
[Result "1-0"]
[WhiteElo "2266"]
[BlackElo "2529"]
[TimeControl "180+1"]
[EndTime "10:06:26 PST"]
[Termination "Prostochendir won by resignation"]

1. e4 c5 2. b3 b6 3. Bb2 Bb7 4. d3 Nc6 5. Nf3 d6 6. Be2 e6 7. O-O Nf6 8. Nbd2 Be7 9. a4 O-O 10. Re1 a6 11. d4 cxd4 12. Nxd4 Nxd4 13. Bxd4 Nxe4 14. Nxe4 Bxe4 15. Bxg7 Kxg7 16. Qd4+ Bf6 17. Qxe4 Bxa1 18. Rxa1 Qe7 19. Re1 f5 20. Qe3 e5 21.
Qxb6 a5 22. Bc4 Rf6 23. Qc6 Rb8 24. Qd5 Qb7 25. Qxa5 Rg6 26. Bd5 Qe7 27. Qd2 e4 28. a5 Qa7 29. b4 h6 30. c4 Kh7 31. b5 Qc5 32. a6 Rg7 33. Qe3 Qxe3 34. fxe3 Kg6 35.
Ra1 Ra7 36. Kf2 Kf6 37. g3 Ke5 38. Ke2 Rxb5 39. cxb5 Kxd5 40. b6 Ra8 41. b7 1-0

[Event "*** Titled Tuesday Blitz"]
[Site "Chess.com"]
[Date "2021.02.09"]
[Round "1"]
[White "ChampStan"]
[Black "NiranjanNavalgund"]
[Result "0-1"]
[WhiteElo "2212"]
[BlackElo "2529"]
[TimeControl "180+1"]
[EndTime "10:06:27 PST"]
[Termination "NiranjanNavalgund won by resignation"]

1. d4 Nf6 2. c4 Nc6 3. Nf3 e6 4. Nc3 Bb4 5. Bg5 h6 6. Bxf6 Qxf6 7. e3 O-O 8. Be2 d6 9. O-O Bxc3 10. bxc3 e5 11. Nd2 Qe7 12. Bf3 Bd7 13. Rb1 Rab8 14. Bd5 Kh8 15. Qh5 f5 16. Nf3 Be8 17. Qh4 Rf6 18.
c5 e4 19. Nd2 dxc5 20. f3 cxd4 21. cxd4 exf3 22. Rxf3 Bd7 23. Rg3 f4 24. exf4 Nxd4 25.
Bc4 Nf5 26. Qg4 Nxg3 27. Qxg3 Bf5 28. Re1 Qc5+ 29. Kh1 Rd8 30. Qc3 b5 31. Re5 Rxd2 32. Qxd2 Qxc4 0-1

[Event "*** Titled Tuesday Blitz"]
[Site "Chess.com"]
[Date "2021.02.09"]
[Round "1"]
[White "kuban1991"]
[Black "Das_Virus_2020"]
[Result "1-0"]
[WhiteElo "2894"]
[BlackElo "2450"]
[TimeControl "180+1"]
[EndTime "10:06:28 PST"]
[Termination "kuban1991 won by resignation"]

1. Nf3 Nf6 2. g3 c5 3. Bg2 g6 4. O-O Bg7 5. c4 O-O 6. Nc3 d6 7. d3 Nc6 8. a3 a6 9. Rb1 Nd4 10. b4 Nxf3+ 11. Bxf3 Qc7 12. Bd2 Rb8 13. b5 axb5 14.
Nxb5 Qd8 15. Qc2 Bd7 16. Rb3 Bc6 17. Bg2 Bxg2 18. Kxg2 Nd7 19. Rfb1 b6 20. Bc3 Ra8 21. Bxg7 Kxg7 22. Nc3 e6 23. Qb2 f6 24. h4 h5 25.
Ne4 Qc7 26. Ng5 Rae8 27. Nf3 d5 28. a4 d4 29. a5 bxa5 30. Rb7 Qd6 31. Qb6 Qe7 32. Qc6 Rf7 33. Rc7 a4 34. Rbb7 Rd8 35.
Qxa4 Qd6 36. Nd2 f5 37. Nf3 e5 38. Ng5 Re7 39. Rc6 Ra8 40. Rxd6 1-0

[Event "*** Titled Tuesday Blitz"]
[Site "Chess.com"]
[Date "2021.02.09"]
[Round "1"]
[White "KingCrusher275"]
[Black "MITerryble"]
[Result "0-1"]
[WhiteElo "2460"]
[BlackElo "2952"]
[TimeControl "180+1"]
[EndTime "10:06:29 PST"]
[Termination "MITerryble won on time"]

1. d4 e6 2. c4 Bb4+ 3. Nc3 c5 4.
d5 Bxc3+ 5. bxc3 Qa5 6. Qd3 Nf6 7. Bd2 O-O 8. Nf3 d6 9. Bg5 Ne4 10. Rc1 f5 11. g4 e5 12. Bh3 fxg4 13. Qxe4 Bf5 14.
Qe3 gxf3 15. Bxf5 Rxf5 16. Rg1 Qc7 17. exf3 Qf7 18. Rg3 Nd7 19. Ke2 Kh8 20. Rcg1 Rf8 21. h4 Nf6 22. Bxf6 Qxf6 23. Rxg7 Rxf3 24. Rg8+ Rxg8 25.
Rxg8+ Kxg8 26. Qxf3 Qxh4 27. Qf5 Qxc4+ 28. Kd2 Qxd5+ 29.
Kc2 Qf7 30. Qc8+ Kg7 31. f3 Qxa2+ 32. Kd3 Qf7 33. Qb8 Qd5+ 34. Ke3 c4 35. Qc7+ Kg6 36.
Qe7 h5 37. Qe8+ Qf7 38. Qd8 Qf6 39. Qg8+ Kh6 0-1

[Event "*** Titled Tuesday Blitz"]
[Site "Chess.com"]
[Date "2021.02.09"]
[Round "1"]
[White "L1m96"]
[Black "ChessAdvanceUSA"]
[Result "0-1"]
[WhiteElo "2550"]
[BlackElo "2283"]
[TimeControl "180+1"]
[EndTime "10:06:29 PST"]
[Termination "ChessAdvanceUSA won by resignation"]

1. e4 Nc6 2. Nf3 d6 3. d4 Nf6 4. Nc3 g6 5. h3 Bg7 6. d5 Nb8 7. Bc4 O-O 8. O-O a6 9. a4 c5 10. a5 Nbd7 11. Re1 b5 12. axb6 Nxb6 13. Bf1 a5 14. e5 dxe5 15. Nxe5 Nfxd5 16. Nc6 Qc7 17. Nxd5 Nxd5 18. Qxd5 Bb7 19. Bb5 Rac8 20. Nxe7+ Qxe7 21. Rxe7 Bxd5 22. Rxa5 Ra8 23. Rxa8 Rxa8 24. Re8+ Rxe8 25. Bxe8 Kf8 26. Bb5 c4 27. c3 f5 28. f3 Kf7 29.
Kf2 h5 30. Bf4 Bf6 31. Ke3 g5 32. Bd6 f4+ 33. Kf2 h4 34. Bd7 Be7 35. Ba3 Bd8 36. Bc5 Be7 37. Bd4 Bf6 38. Ke2 Bxd4 39. cxd4 Ke7 40. Bf5 Kd6 41. Kd2 Kc6 42. Kc3 Kb5 43. Bd7+ Kb6 44. Bf5 Kb5 45. Bc2 g4 46. Be4 Bxe4 47. fxe4 f3 0-1

[Event "*** Titled Tuesday Blitz"]
[Site "Chess.com"]
[Date "2021.02.09"]
[Round "1"]
[White "elohunter1999"]
[Black "northridgehawk"]
[Result "1-0"]
[WhiteElo "2667"]
[BlackElo "2352"]
[TimeControl "180+1"]
[EndTime "10:06:34 PST"]
[Termination "elohunter1999 won by resignation"]

1. d4 Nf6 2. c4 g6 3. f3 d5 4. cxd5 Nxd5 5. e4 Nb6 6. Nc3 Bg7 7. Be3 Nc6 8. Bb5 O-O 9. Nge2 f5 10. O-O fxe4 11.
Bxc6 bxc6 12. Qb3+ Kh8 13. fxe4 Ba6 14. Rxf8+ Qxf8 15. Rf1 Qg8 16. Qa3 Nc4 17. Qxa6 Nxe3 18. Rf3 Ng4 19. h3 Nf6 20. Qxc6 Rb8 21. b3 Qd8 22. e5 Ng8 23. Nd5 Nh6 24. Nef4 Nf5 25. Ne6 Qe8 26. Qxe8+ Rxe8 27. g4 Nh4 28. Rf7 c6 29. Nxg7 Kg8 30. Rxe7 Rxe7 31. Nxe7+ Kxg7 32. Nxc6 Kf7 33. Kf2 a5 34. Nxa5 Ke6 35. Nc4 Kd5 36. Ne3+ Kxd4 37. e6 g5 38. e7 1-0

[Event "*** Titled Tuesday Blitz"]
[Site "Chess.com"]
[Date "2021.02.09"]
[Round "1"]
[White "SKLGgonkom"]
[Black "Vugar_Manafov"]
[Result "0-1"]
[WhiteElo "2336"]
[BlackElo "2648"]
[TimeControl "180+1"]
[EndTime "10:06:34 PST"]
[Termination "Vugar_Manafov won on time"]

1. Nf3 Nf6 2. c4 g6 3. Nc3 Bg7 4. e4 O-O 5. d4 d6 6. h3 e5 7. d5 Nfd7 8. g4 c6 9. Be3 Qe7 10. Be2 a5 11. Rg1 Na6 12. h4 Ndc5 13. g5 Bd7 14. Nd2 Nb4 15. Nb3 Nxb3 16. Qxb3 cxd5 17. cxd5 Rfc8 18. a3 Na6 19. Bb5 Nc5 20.
Bxc5 Rxc5 21. a4 Bxb5 22. Nxb5 f5 23. f3 Rac8 24. Nc3 fxe4 25. fxe4 Rf8 26. Ke2 Rf4 27. Raf1 Rxh4 28. Rf3 Rh2+ 29. Ke3 h5 30. Ne2 Qc7 31.
Qd3 Rc2 32. Nc3 Qc5+ 0-1

[Event "*** Titled Tuesday Blitz"]
[Site "Chess.com"]
[Date "2021.02.09"]
[Round "1"]
[White "Sokoloco"]
[Black "Synctel"]
[Result "1-0"]
[WhiteElo "2479"]
[BlackElo "2002"]
[TimeControl "180+1"]
[EndTime "10:06:34 PST"]
[Termination "Sokoloco won by resignation"]

1. b3 e5 2. Bb2 Nc6 3. e3 d6 4. Bb5 Nf6 5. Ne2 Bd7 6. O-O a6 7. Bxc6 Bxc6 8. f4 Be7 9. Nbc3 exf4 10. Nxf4 O-O 11. Nce2 Ne4 12. Nd4 Bf6 13. Nxc6 bxc6 14. Bxf6 Nxf6 15. Qf3 d5 16. Nh5 Nxh5 17. Qxh5 Qd6 18.
Rf3 Qg6 19. Qxg6 hxg6 20. Kf2 a5 21. a4 Rfe8 22. d4 Re4 23. Rd1 Rae8 24. Rd3 f6 25.
Rc3 R8e6 26. Rc5 g5 27. h3 g6 28. Rxa5 f5 29. Ra8+ Kg7 30. Rc8 Re7 31. a5 g4 32.
hxg4 fxg4 33. Rg3 c5 34. a6 cxd4 35. a7 dxe3+ 36. Ke2 Rf7 37. Rxe3 Rxe3+ 38. Kxe3 c5 39. a8=Q 1-0

[Event "*** Titled Tuesday Blitz"]
[Site "Chess.com"]
[Date "2021.02.09"]
[Round "1"]
[White "TokChess"]
[Black "Keranke"]
[Result "0-1"]
[WhiteElo "2411"]
[BlackElo "2814"]
[TimeControl "180+1"]
[EndTime "10:06:35 PST"]
[Termination "Keranke won by resignation"]

1. Nf3 g6 2. g3 Bg7 3. Bg2 Nf6 4. O-O O-O 5. c4 d6 6. d4 c6 7. Nc3 Qa5 8. Bg5 h6 9. Bd2 Qh5 10. h4 e5 11. Qc2 Re8 12. dxe5 dxe5 13. e4 Qg4 14. Rfd1 Na6 15. a3 Qe6 16. Na4 b5 17. cxb5 cxb5 18. Nc5 Nxc5 19. Qxc5 Nxe4 20. Qxb5 Ba6 21.
Qa4 Nxd2 22. Rxd2 e4 23. Nd4 Qb6 24. Re1 Rad8 25. Nb3 Bb5 26. Qb4 Rxd2 27. Nxd2 e3 28. fxe3 Rxe3 29. Rxe3 Qxe3+ 30. Kh2 Bd7 31. Ne4 Bd4 32.
Qb8+ Kg7 0-1

[Event "*** Titled Tuesday Blitz"]
[Site "Chess.com"]
[Date "2021.02.09"]
[Round "1"]
[White "Sashadav97"]
[Black "andrzej"]
[Result "0-1"]
[WhiteElo "2594"]
[BlackElo "2318"]
[TimeControl "180+1"]
[EndTime "10:06:35 PST"]
[Termination "andrzej won by resignation"]

1. d4 Nf6 2. c4 c5 3. d5 b5 4. Qc2 b4 5. e4 d6 6. b3 g6 7. Bb2 Bg7 8. Bd3 O-O 9. Ne2 a5 10.
a4 e5 11. O-O Nh5 12. Nd2 Ra7 13. f4 exf4 14. Bxg7 Kxg7 15. Nxf4 Nxf4 16. Rxf4 Nd7 17. Nf3 Qe7 18. Rf1 f6 19. h4 Ne5 20. h5 g5 21. Nxe5 Qxe5 22. R4f2 h6 23. Qd1 Re7 24.
Be2 Qxe4 25. Bd3 Qg4 26. Be2 Qh4 27. Qc2 f5 28. Bd3 Qd4 29. Kh1 f4 30. Bg6 Re3 31. Rf3 Bg4 32. R3f2 f3 33. g3 Re2 34. Rxe2 fxe2 0-1